 Dungeon Crawl Stone Soup version 0.28.0 (webtiles) character file.

Game seed: 6717697716033536721

75 Hubjo the Sneak (level 4, -6/32 HPs)
             Began as a Vampire Enchanter on Feb 8, 2022.
             Killed by miscasting Dazzling Flash (7 damage)
             ... on level 3 of the Dungeon.
             The game lasted 00:04:56 (1914 turns).

Hubjo the Sneak (Vampire Enchanter)                 Turns: 1914, Time: 00:04:57

Health: -6/32      AC:  3    Str: 13    XL:     4   Next: 11%
Magic:  8/16       EV: 12    Int: 17    God:
Gold:   134        SH:  0    Dex: 16    Spells: 1/7 levels left

rFire   . . .      SeeInvis +   a - +1 dagger
rCold   . . .      Faith    .   (no shield)
rNeg    . . .      Spirit   .   b - +0 robe
rPois   .          Reflect  .   (no helmet)
rElec   .          Harm     .   g - +0 cloak {Stlth+}
rCorr   .          Rampage  .   (no gloves)
Will    .....                   (no boots)
Stlth   ++++......              (no amulet)
HPRegen 0.30/turn               e - +6 ring of strength
MPRegen 0.15/turn               h - ring of magical power

@: very slightly contaminated, healing quickly
A: alive, fangs 3, see invisible, vampiric 2
a: Exsanguinate


You were on level 3 of the Dungeon.
You visited 1 branch of the dungeon, and saw 3 of its levels.

You collected 134 gold pieces.

Inventory:

Hand Weapons
 a - a +1 dagger (weapon)
Armour
 b - a +0 robe (worn)
 g - a +0 cloak of stealth (worn)
Jewellery
 e - a +6 ring of strength (left hand)
 h - a ring of magical power (right hand)
Potions
 c - a potion of invisibility
 f - a potion of magic {unknown}
 i - a potion of degeneration {unknown}


   Skills:
 * Level 1.3 Fighting
 + Level 2.0 Short Blades
 + Level 2.4 Dodging
 * Level 5.9 Stealth
 - Level 2.0 Spellcasting
 + Level 4.9 Hexes


You had one spell level left.
You knew the following spells:

 Your Spells              Type           Power      Damage    Failure   Level
a - Tukima's Dance        Hex            18%        N/A       8%          3
b - Dazzling Flash        Conj/Hex       20%        N/A       22%         3

Your spell library contained the following spells:

 Spells                   Type           Power      Damage    Failure   Level
 Confusing Touch          Hex            18%        N/A       8%          3
 Ensorcelled Hibernation  Hex/Ice        20%        N/A       11%         2


Dungeon Overview and Level Annotations

Branches:
Dungeon (3/15)

Altars:

Annotations:
D:3 Ijyb


Innate Abilities, Weirdness & Mutations

Your natural rate of healing is accelerated.
You have razor-sharp teeth.
You have supernaturally acute eyesight. (SInv)
You are afflicted with vampirism and can become a bat while bloodless.


Message History

You feel sick. Ijyb hits you but does no damage.
You closely miss Ijyb. You bite Ijyb, but do no damage.
Ijyb is moderately wounded.
You feel sick.
You are no longer poisoned.
Your +2 dagger of flaming hits Ijyb but does no damage.
Ijyb zaps a wand.
The puff of flame hits you.
You closely miss Ijyb.
Ijyb is moderately wounded.
Your +2 dagger of flaming barely misses Ijyb.
Ijyb hits you.
You closely miss Ijyb.
Ijyb is moderately wounded.
Your +2 dagger of flaming barely misses Ijyb.
Ijyb closely misses you.
You hit Ijyb. Your bite misses Ijyb.
Ijyb is moderately wounded.
Your +2 dagger of flaming hits Ijyb but does no damage.
Ijyb barely misses you.
You hit Ijyb.
Ijyb is moderately wounded.
Your +2 dagger of flaming hits Ijyb but does no damage.
Ijyb hits you.
You closely miss Ijyb.
Ijyb is moderately wounded.
Your +2 dagger of flaming hits Ijyb but does no damage.
You hit Ijyb but do no damage.
Ijyb is moderately wounded.
Ijyb zaps a wand.
The puff of flame hits you!
* * * LOW HITPOINT WARNING * * *
Your +2 dagger of flaming closely misses Ijyb.
Casting: Tukima's Dance (quite dangerous; 8% risk of failure)
Confirm with . or Enter, or press ? or * to list all spells.
The spell is quite dangerous to miscast (22% risk of failure)!
Continue anyway?
Casting: Dazzling Flash (quite dangerous; 22% risk of failure)
Press: ? - help, Dir - look around, f - activate You miscast Dazzling Flash.
You are very lightly contaminated with residual magic.
Strange energies run through your body!
You die...

≈≈######.##≈≈≈≈..≈≈≈≈
≈≈≈≈≈...≈≈≈≈≈≈≈..≈≈≈≈
≈≈≈≈≈≈≈≈≈≈≈≈≈≈≈..≈≈≈
≈≈≈≈≈≈≈≈≈≈≈≈≈≈≈..≈#
≈≈≈≈≈≈≈≈≈≈≈≈≈.8..8#
#≈≈≈≈≈≈≈##..8..8#
######(###.#....###
#g#...<......#
#@#..........#
#...#..........#
#.###..........# #..
#..J........# #.
#..########... ..#..#
#.# .# K## .# #.


You could see Ijyb (ally target) and a friendly +2 dagger of flaming.

Vanquished Creatures
  3 adders
  A dart slug (D:1)
  4 bats
  2 endoplasms
  6 giant cockroaches
  5 goblins
  4 hobgoblins
  3 jackals (D:1)
  2 quokkas (D:1)
  2 ball pythons (D:1)
  2 frilled lizards (D:1)
  4 kobolds
  4 rats (D:1)
42 creatures vanquished.

Notes
Turn   | Place    | Note
-------+----------+-------------------------------------------
     0 | D:1      | Hubjo the Vampire Enchanter began the quest for the Orb.
     0 | D:1      | Reached XP level 1. HP: 13/13 MP: 3/3
   255 | D:1      | Reached XP level 2. HP: 11/19 MP: 5/5
   302 | D:1      | Reached skill level 5 in Stealth
   737 | D:1      | Gained mutation: You are afflicted with vampirism and can
                  | become a bat while bloodless. [Vampire growth]
   737 | D:1      | Reached XP level 3. HP: 25/25 MP: 6/6
   741 | D:1      | Learned a level 3 spell: Tukima's Dance
   745 | D:1      | Learned a level 3 spell: Dazzling Flash
  1243 | D:2      | Reached skill level 1 in Fighting
  1886 | D:3      | Noticed Ijyb
  1904 | D:3      | Reached XP level 4. HP: 24/32 MP: 7/7
  1913 | D:3      | HP: 1/32 [Ijyb/puff of flame (11)]
  1914 | D:3      | Killed by miscasting Dazzling Flash

Illustrated notes

Levels and vault maps discovered:
D:1:      saegor_arrival_simple_a, layout_basic,
          amcnicky_mini_rare_corridor_liquid
D:2:      layout_basic, serial_curves, eino_curves_01, eino_curves_04,
          nrook_mini_backslash
D:3:      wander_river, layout_rooms, gammafunk_ghost_cemetery,
          hellmonk_ecumenical_altar_leap_of_faith, st_stairs_3, uniq_ijyb

Skill      XL: |  1  2  3 |
---------------+----------+-----
Stealth        | 5 |  5.9
Fighting       | 1 |  1.3
Short Blades   | 2 |  2.0
Dodging        | |  2.4
Spellcasting   | |  2.0
Hexes          | |  4.9

Action                   |  1- 3 |  4- 6 || total
-------------------------+-------+-------++-------
Melee: Dagger            |   129 |     8 ||   137
       Bite              |    13 |     1 ||    14
 Cast: Dazzling Flash    |     2 |       ||     2
       Tukima's Dance    |     1 |       ||     1
  Use: Potion            |     2 |       ||     2
 Stab: Sleeping          |    17 |       ||    17
       Invisible         |     1 |       ||     1
Armor: Robe              |    17 |     1 ||    18
Dodge: Dodged            |    82 |     2 ||    84
